 Dungeon Crawl Stone Soup version 0.23-a0-391-g8c51ad5 (webtiles) character file.

573 Firecrotchwizard the Firebug (level 7, -5/56 HPs)
             Began as a Hill Orc Fire Elementalist on Oct 30, 2018.
             Slain by a gnoll
             ... wielding a +0 flail
              (8 damage)
             ... on level 6 of the Dungeon.
             The game lasted 00:15:34 (6794 turns).

Firecrotchwizard the Firebug (HOFE)                 Turns: 6794, Time: 00:15:35

Health: -5/56      AC: 10    Str: 11    XL:     7   Next: 34%
Magic:  12/12      EV: 11    Int: 17    God:
Gold:   217        SH:  0    Dex: 11    Spells: 8/13 levels left

rFire    + . .     SeeInvis .   d - +1 short sword
rCold    x . .     Gourm    .   (no shield)
rNeg     . . .     Faith    .   b - +0 leather armour
rPois    .         Spirit   .   e - +1 helmet
rElec    .         Reflect  .   (no cloak)
rCorr    .         Harm     .   n - +0 pair of gloves
MR       .....                  (no boots)
Stlth    +.........             w - amulet of magic regeneration
HPRegen  0.18/turn              l - +4 ring of protection
MPRegen  0.38/turn              r - ring of fire {rF+, rC-}

@: no status effects
A: no striking features
a: no special abilities


You were on level 6 of the Dungeon.
You were not hungry.

You visited 1 branch of the dungeon, and saw 6 of its levels.

You collected 217 gold pieces.

Inventory:

Hand Weapons
 d - a +1 short sword (weapon)
   (You took it off a kobold on level 1 of the Dungeon)
Missiles
 h - 126 stones (quivered)
Armour
 a - a +0 robe
 b - a +0 leather armour (worn)
   (You took it off an orc on level 3 of the Dungeon)
 e - a +1 helmet (worn)
   (You found it on level 1 of the Dungeon)
 n - a +0 pair of gloves (worn)
   (You found it on level 4 of the Dungeon)
Jewellery
 f - an uncursed amulet of rage {+Rage, !d}
   (You found it on level 1 of the Dungeon)
 l - a +4 ring of protection (left hand)
   (You found it on level 3 of the Dungeon)
 q - an uncursed ring of flight {+Fly, !d}
   (You took it off a gnoll shaman on level 3 of the Dungeon)
 r - a ring of fire (right hand) {rF+, rC-}
   (You found it on level 5 of the Dungeon)
 v - an uncursed ring of protection from fire {rF+, !d}
   (You found it on level 5 of the Dungeon)
 w - an amulet of magic regeneration (around neck)
   (You found it on level 5 of the Dungeon)
Wands
 u - a wand of random effects (13)
   (You found it on level 5 of the Dungeon)
Scrolls
 i - 5 scrolls of identify
 j - 5 scrolls of remove curse
Potions
 g - 2 potions of degeneration {unknown}
 k - a potion of cancellation {unknown}
 m - a potion of agility {unknown}
 o - 2 potions of lignification {unknown}
 p - a potion of flight {unknown}
 s - a potion of curing
Comestibles
 c - 4 rations


   Skills:
 - Level 2.5 Fighting
 - Level 2.2 Armour
 - Level 1.5 Dodging
 - Level 1.5 Stealth
 + Level 3.5 Spellcasting
 * Level 3.8 Conjurations
 - Level 5.2 Fire Magic


You had 8 spell levels left.
You knew the following spells:

 Your Spells              Type           Power        Failure   Level  Hunger
a - Flame Tongue          Conj/Fire      ####.        3%          1    None
s - Sticky Flame          Conj/Fire      ####....     32%         4    ####...

Your spell library contained the following spells:

 Spells                   Type           Power        Failure   Level  Hunger
 Throw Flame              Conj/Fire      ####..       4%          2    ##.....
 Conjure Flame            Conj/Fire      ####....     10%         3    ###....
 Inner Flame              Hex/Fire       ###.....     22%         3    ###....
 Fireball                 Conj/Fire      ####......   67%         5    ######.


Dungeon Overview and Level Annotations

Branches:
Dungeon (6/15)
 Temple: D:4-7

Altars:
Elyvilon
Wu Jian
The Shining One

Shops:
D:4 %

Annotations:
D:4 exclusion: Edmund, Edmund, Grinder
D:5 1 runed door, Blork the orc


Message History

Throwing (i - inventory)
h - 133 stones (quivered)
Aim: a crimson imp You throw a stone.
The stone closely misses the crimson imp.
Throwing (i - inventory)
h - 132 stones (quivered)
Aim: a crimson imp You throw a stone.
The stone hits the crimson imp but does no damage.
Throwing (i - inventory)
h - 131 stones (quivered)
Aim: a crimson imp You throw a stone.
The stone barely misses the crimson imp.
You hit the crimson imp but do no damage.
The crimson imp barely misses you.
You hit the crimson imp. The crimson imp closely misses you.
You hit the crimson imp but do no damage.
The crimson imp blinks!
Throwing (i - inventory)
h - 130 stones (quivered)
Aim: a crimson imp (lightly wounded)
You throw a stone. The stone hits the crimson imp.
Throwing (i - inventory)
h - 129 stones (quivered)
Aim: a crimson imp (moderately wounded)
You throw a stone.
The stone hits the crimson imp but does no damage.
Throwing (i - inventory)
h - 128 stones (quivered)
Aim: a crimson imp (lightly wounded)
You throw a stone.
The stone barely misses the crimson imp.
Throwing (i - inventory)
h - 127 stones (quivered)
Aim: a crimson imp You throw a stone.
The stone barely misses the crimson imp.
A gnoll comes into view. It is wielding a +0 flail.
You closely miss the crimson imp.
A gnoll comes into view. It is wielding a +0 flail.
The crimson imp barely misses you.
You closely miss the crimson imp.
The gnoll shouts!
You hear a shout! x2
The crimson imp barely misses you.
You closely miss the crimson imp. The crimson imp barely misses you.
You hit the crimson imp.
The crimson imp hits you but does no damage.
A gnoll sergeant comes into view. It is wielding a +1 spear of flaming.
You hit the crimson imp but do no damage.
The crimson imp barely misses you.
You hit the crimson imp but do no damage.
The crimson imp hits you but does no damage.
The gnoll hits you but does no damage.
You closely miss the crimson imp. The crimson imp barely misses you.
You hit the crimson imp but do no damage.
The crimson imp barely misses you. The gnoll hits you with a +0 flail.
You closely miss the crimson imp. The crimson imp hits you.
The gnoll hits you with a +0 flail.
A gnoll comes into view.
The gnoll hits you with a +0 flail!
You are too injured to fight recklessly!
You are too injured to fight recklessly!
You are too injured to fight recklessly!
You are too injured to fight recklessly!
You are too injured to fight recklessly!
You are too injured to fight recklessly!
You are too injured to fight recklessly!
You are too injured to fight recklessly!
You are too injured to fight recklessly!
You are too injured to fight recklessly!
You take 21 damage, and have 35/56 hp.
MASSIVE DAMAGE!!
You are too injured to fight recklessly!
You hit the gnoll. The crimson imp closely misses you.
The gnoll sergeant hits you from afar with a +1 spear of flaming!
The gnoll misses you. The crimson imp barely misses you.
You take 10 damage, and have 25/56 hp.
You hit the gnoll. The gnoll closely misses you.
The gnoll sergeant completely misses you.
The gnoll barely misses you.
The crimson imp hits you but does no damage.
Your leather armour prevents you from hitting the gnoll.
The gnoll sergeant hits you but does no damage.
The gnoll hits you but does no damage. The gnoll misses you.
The crimson imp hits you but does no damage.
You hit the gnoll. The gnoll sergeant closely misses you.
The gnoll hits you with a +0 flail.
The crimson imp blinks!
The gnoll barely misses you.
The gnoll sergeant hits you from afar with a +1 spear of flaming.
You take 5 damage, and have 20/56 hp.
You hit the gnoll but do no damage. The gnoll hits you with a +0 flail.
The gnoll barely misses you.
The gnoll sergeant hits you from afar with a +1 spear of flaming!
* * * LOW HITPOINT WARNING * * *
The gnoll sergeant burns you.
* * * LOW HITPOINT WARNING * * *
You hit the gnoll.
You kill the gnoll!
The crimson imp blinks!
The gnoll misses you.
The gnoll sergeant hits you from afar with a +1 spear of flaming.
* * * LOW HITPOINT WARNING * * *
The gnoll sergeant burns you.
* * * LOW HITPOINT WARNING * * *
The crimson imp blinks!
The gnoll hits you with a +0 flail!
You die...

..##............ ..#
.#....#...........
...........(..........
....##...(.ยง....%.....
..........(.((.......
......##(...((##...#
............(.....#
#[..<....(gg.#
#...##.#.5@##.##.
#...####..g.(.((..
#..## ##.....##.# ....
......... #####
#...###### ##..# ####


You could see a gnoll sergeant, 2 gnolls and a crimson imp.

Vanquished Creatures
  Menkaure (D:5)
  An ogre (D:4)
  A big kobold (D:5)
  A scorpion (D:4)
  An orc wizard (D:5)
  A bullfrog skeleton (D:5)
  A gnoll shaman (D:3)
  A worker ant (D:4)
  4 adders
  4 gnolls
  A shadow imp (D:5)
  A worm (D:3)
  A dart slug (D:1)
  A leopard gecko (D:3)
  5 orcs
  A giant cockroach (D:3)
  3 goblins (D:1)
  5 hobgoblins
  5 jackals
  2 quokkas
  8 bats
  2 frilled lizards
  A giant cockroach zombie (D:5)
  12 kobolds
  8 rats
72 creatures vanquished.

Notes
Turn   | Place    | Note
-------+----------+-------------------------------------------
     0 | D:1      | Firecrotchwizard the Hill Orc Fire Elementalist began the
                  | quest for the Orb.
     0 | D:1      | Reached XP level 1. HP: 14/14 MP: 3/3
   314 | D:1      | Reached skill level 1 in Fighting
   417 | D:1      | Reached skill level 1 in Armour
   424 | D:1      | Reached XP level 2. HP: 8/23 MP: 0/4
  1914 | D:2      | Reached skill level 2 in Fighting
  2063 | D:2      | HP: 2/24 [adder (5)]
  2067 | D:2      | Reached skill level 2 in Armour
  2067 | D:2      | Reached XP level 3. HP: 17/29 MP: 5/5
  3129 | D:3      | Found a glowing golden altar of the Shining One.
  3327 | D:3      | Reached XP level 4. HP: 28/37 MP: 6/6
  3669 | D:4      | Reached skill level 2 in Spellcasting
  3699 | D:4      | Found Pesegih's Food Emporium.
  3828 | D:4      | Reached skill level 4 in Fire Magic
  3828 | D:4      | Reached XP level 5. HP: 31/42 MP: 1/8
  4024 | D:4      | Noticed Grinder
  4038 | D:4      | Noticed an ogre
  4232 | D:4      | Killed an ogre
  4232 | D:4      | Reached skill level 5 in Fire Magic
  4458 | D:3      | Reached XP level 6. HP: 38/50 MP: 3/10
  4718 | D:4      | Learned a level 4 spell: Sticky Flame
  4718 | D:4      | Paralysed by Grinder for 6 turns
  4984 | D:4      | Noticed Edmund
  5149 | D:5      | Entered Level 5 of the Dungeon
  5167 | D:5      | Noticed Menkaure
  5335 | D:4      | Paralysed by Grinder for 4 turns
  5340 | D:4      | Paralysed by Grinder for 5 turns
  5348 | D:4      | Paralysed by Grinder for 2 turns
  5355 | D:5      | Noticed Blork the orc
  5589 | D:5      | Reached skill level 3 in Spellcasting
  5653 | D:5      | Reached skill level 2 in Conjurations
  5724 | D:5      | Found an ornate altar of the Wu Jian Council.
  5768 | D:5      | Found a white marble altar of Elyvilon.
  5904 | D:5      | Killed Menkaure
  5904 | D:5      | Reached skill level 3 in Conjurations
  5904 | D:5      | Reached XP level 7. HP: 29/56 MP: 6/12
  6681 | D:5      | Found a runed door.
  6792 | D:6      | HP: 8/56 [gnoll sergeant/+1 spear of flaming (9)]
  6793 | D:6      | HP: 3/56 [gnoll sergeant/+1 spear of flaming (1)]
  6794 | D:6      | Slain by a gnoll

Vault maps used:
D:1:      dpeg_arrival_circle_labyrinth_c, hangedman_decor_riveting
D:3:      tso_metal_star, hex_large
D:4:      first_ration, serial_shops, nicolae_shop_stone,
          hangedman_abyss_or_decor_passed, uniq_edmund, uniq_grinder
D:5:      nicolae_overflow_hidden_temple, kennysheep_mini, uniq_blork_the_orc,
          uniq_menkaure, uniq_crazy_yiuf_cottage
D:6:      kennysheep_mini_moat, regret_index_temple_of_mockery,
          minmay_misc_feat_plants, minmay_misc_feat_iff, uniq_duvessa

Skill      XL: |  1  2  3  4  5  6 |
---------------+-------------------+-----
Fighting       | 1 2 |  2.5
Armour         | 1 2 |  2.2
Spellcasting   | 2 3 |  3.5
Fire Magic     | 4 5 |  5.2
Conjurations   | 3 |  3.8
Dodging        | |  1.5
Stealth        | |  1.5

Action                   |  1- 3 |  4- 6 |  7- 9 || total
-------------------------+-------+-------+-------++-------
Melee: Short sword       |    96 |    72 |    76 ||   244
Throw: Stone             |    63 |    36 |    39 ||   138
 Cast: Flame Tongue      |    38 |    63 |     3 ||   104
  Use: Potion            |     2 |       |       ||     2
       Scroll            |     5 |       |     2 ||     7
  Eat: Chunk             |     8 |     6 |       ||    14
       Ration            |       |     1 |     1 ||     2
Armor: Robe              |    26 |       |       ||    26
       Leather armour    |    14 |    86 |    40 ||   140
Dodge: Dodged            |   101 |   140 |    84 ||   325

Table legend:
 A = Non-vault XP
 B = Vault XP
 C = Vault XP percentage of total XP
 D = Non-vault monster count
 E = Vault monster count
 F = Vault count percentage of total count
                 A         B        C        D         E       F
            +---------+---------+-------+---------+---------+-------
      Total |     647 |     172 |  21.0 |      71 |       1 |   1.4
            +---------+---------+-------+---------+---------+-------
        D:1 |      25 |       0 |   0.0 |      15 |       0 |   0.0
        D:2 |      22 |       0 |   0.0 |       6 |       0 |   0.0
        D:3 |      96 |       0 |   0.0 |      17 |       0 |   0.0
        D:4 |     252 |       0 |   0.0 |      11 |       0 |   0.0
        D:5 |     238 |     172 |  42.0 |      21 |       1 |   4.5
        D:6 |      14 |       0 |   0.0 |       1 |       0 |   0.0
            +---------+---------+-------+---------+---------+-------

Vault maps used:
D:1:      dpeg_arrival_circle_labyrinth_c, hangedman_decor_riveting
D:3:      tso_metal_star, hex_large
D:4:      first_ration, serial_shops, nicolae_shop_stone,
          hangedman_abyss_or_decor_passed, uniq_edmund, uniq_grinder
D:5:      nicolae_overflow_hidden_temple, kennysheep_mini, uniq_blork_the_orc,
          uniq_menkaure, uniq_crazy_yiuf_cottage
D:6:      kennysheep_mini_moat, regret_index_temple_of_mockery,
          minmay_misc_feat_plants, minmay_misc_feat_iff, uniq_duvessa

Table legend:
 A = Turns spent in this place as a percentage of turns spent in the entire game.
 B = Non-inter-level travel turns spent in this place as a percentage of non-inter-level travel turns spent in the entire game.
 C = Inter-level travel turns spent in this place as a percentage of turns spent in this place.
 D = Turns resting spent in this place as a percentage of non-inter-level travel turns spent in this place.
 E = Turns spent auto-exploring this place as a percentage of non-inter-level travel turns spent in this place.
 F = Non-inter-level travel turns spent in this place divided by the number of levels of this place that you've seen.
                   A       B       C       D       E      F
               +-------+-------+-------+-------+-------+----------------------
         Total | 100.0 | 100.0 |   4.4 |  37.5 |  45.8 | 1082.2
       Dungeon | 100.0 | 100.0 |   4.4 |  37.5 |  45.8 | 1082.2
               +-------+-------+-------+-------+-------+----------------------

Table legend:
 A = Kills in this place as a percentage of kills in entire the game.
 B = Kills by you in this place as a percentage of kills by you in the entire game.
 C = Kills by friends in this place as a percentage of kills by friends in the entire game.
 D = Other kills in this place as a percentage of other kills in the entire game.
 E = Experience gained in this place as a percentage of experience gained in the entire game.
 F = Experience gained in this place divided by the number of levels of this place that you have seen.
                   A       B       C       D       E      F
               +-------+-------+-------+-------+-------+----------------------
         Total | 100.0 | 100.0 |   N/A |   N/A | 100.0 | 136.5
       Dungeon | 100.0 | 100.0 |   N/A |   N/A | 100.0 | 136.5
               +-------+-------+-------+-------+-------+----------------------
